 Dungeon Crawl Stone Soup version 0.30-a0-424-g7412bad402 (webtiles) character file.

Game seed: 11913910128180477749

20476 porpoise the Fighter (level 12, -23/113 HPs)
             Began as a Hill Orc Monk on Dec 9, 2022.
             Was an Elder of Qazlal.
             Killed by mirror damage (39 damage)
             ... on level 10 of the Dungeon on Dec 10, 2022.
             The game lasted 01:12:25 (14575 turns).

porpoise the Fighter (Hill Orc Monk)               Turns: 14575, Time: 01:12:25

Health: -23/113    AC: 19    Str: 19    XL:     12   Next: 79%
Magic:  12/20      EV: 11    Int: 10    God:    Qazlal [****..]
Gold:   1661       SH: 19    Dex: 17    Spells: 11/11 levels left

rFire   . . .      SeeInvis +    a - +0 broad axe
rCold   . . .      Faith    .    B - +3 kite shield "Gegyaf" {rElec}
rNeg    . . .      Spirit   .    J - +0 scale mail "Tahuutuj" {rPois Dex+4}
rPois   +          Reflect  .    t - +0 helmet
rElec   +          Harm     .    f - +1 cloak
rCorr   .          Rampage  .    p - +0 pair of gloves
Will    .....                    (no boots)
Stlth   +.........               Q - amulet of the acrobat
HPRegen 0.38/turn                A - +4 ring of protection
MPRegen 0.17/turn                C - ring of see invisible

@: mighty, about to teleport, protected from physical damage, repel missiles
A: no striking features
a: Renounce Religion, Upheaval, Elemental Force


You were on level 10 of the Dungeon.
You worshipped Qazlal.
Qazlal was greatly pleased with you.
You visited 2 branches of the dungeon, and saw 11 of its levels.
You also visited: Ossuary and Bailey.

You collected 1661 gold pieces.

Inventory:

Hand Weapons
 a - a +0 broad axe (weapon)
 b - a +2 morningstar
 w - a +4 antimagic flail
 R - a +0 broad axe
 T - a +0 broad axe
Missiles
 k - 25 poisoned darts
 s - 5 throwing nets
 G - 2 boomerangs
 H - 4 curare-tipped darts (quivered)
 X - 5 silver javelins
Armour
 f - a +1 cloak (worn)
 j - the +1 leather armour of Insatiable Hunger {rC++ Dex+3}
   (You found it on level 2 of the Dungeon)

   Dex:       It affects your dexterity (+3).
   rC:        It greatly protects you from cold.
 p - a +0 pair of gloves (worn)
 t - a +0 helmet (worn)
 u - a +2 scale mail of fire resistance
 y - +0 steam dragon scales
 B - the +3 kite shield "Gegyaf" (worn) {rElec}
   (You acquired it on level 5 of the Dungeon)

   rElec:     It insulates you from electricity.
 J - the +0 scale mail "Tahuutuj" (worn) {rPois Dex+4}
   (You found it on level 8 of the Dungeon)

   Dex:       It affects your dexterity (+4).
   rPois:     It protects you from poison.
 O - +0 acid dragon scales
Jewellery
 d - a ring of ice
 h - a ring of fire
 z - a +6 ring of dexterity
 A - a +4 ring of protection (left hand)
 C - a ring of see invisible (right hand)
 Q - an amulet of the acrobat (around neck)
Wands
 q - a wand of mindburst (11)
 E - a wand of paralysis (6)
 F - a wand of polymorph (9)
 L - a wand of flame (28)
 M - a wand of digging (4)
Scrolls
 e - 3 scrolls of teleportation
 r - a scroll of immolation
 x - a scroll of torment
 K - a scroll of noise
 V - 2 scrolls of enchant armour
Potions
 c - 2 potions of ambrosia
 g - 7 potions of flight
 l - a potion of might
 m - 2 potions of invisibility
 n - 4 potions of curing
 o - 2 potions of brilliance
 v - 5 potions of lignification
 I - a potion of magic
 N - 2 potions of attraction
 S - 2 potions of cancellation {unknown}
 U - a potion of resistance {unknown}
 W - a potion of haste
Miscellaneous
 P - a tin of tremorstones (2/2)


   Skills:
 + Level 12.9 Fighting
 - Level 11.5(12.9) Axes
 - Level 7.7(10.0) Maces & Flails
 - Level 7.0 Armour
 - Level 5.0 Dodging
 - Level 1.5 Stealth
 + Level 7.4 Shields
 + Level 10.9 Invocations
 - Level 5.0 Evocations


You had 11 spell levels left.
You didn't know any spells.
Your spell library contained the following spells:

 Spells                   Type           Power      Damage    Failure   Level
 Sublimation of Blood     Necr           0%         N/A       98%         2
 Dazzling Flash           Conj/Hex       0%         N/A       100%        3
 Kindle Blastsparks       Fire/Tloc/Air  0%         2d10      100%        3
 Fulminant Prism          Conj/Hex       0%         3d5       100%        4
 Iskenderun's Mystic Bla  Conj/Tloc      0%         2d3       100%        4
 Petrify                  Tmut/Erth      0%         N/A       100%        4
 Irradiate                Conj/Tmut      0%         3d11      100%        5
 Lee's Rapid Deconstruct  Erth           0%         3d4*      100%        5
 Starburst                Conj/Fire      0%         6d3       100%        6


Dungeon Overview and Level Annotations

Branches:
Dungeon (10/15)            Temple (1/1) D:5            Lair (0/5) D:9
    Orc (0/2) D:9         Ossuary (visited)          Bailey (visited)

Altars:
Ashenzari
Cheibriados
Dithmenos
Elyvilon
Fedhas
Gozag
Hepliaklqana
Kikubaaqudgha
Makhleb
Nemelex Xobeh
Okawaru
Qazlal
Ru
Sif Muna
Trog
Uskayaw
Vehumet
Wu Jian
Xom
Yredelemnul
Zin
The Shining One

Shops:
D:2 =   D:4 (

Annotations:
D:10 /Dig manual Armour, dangerous


Message History

The death knight hits you with a +3 great sword!
* * * LOW HITPOINT WARNING * * *
Okay, then.
Okay, then.
Activating: Disaster Area (4% risk of failure)
Press: ? - help, Dir - look around, f - activate Nature churns violently around you!
The blast of ice hits the killer bee!!
You kill the killer bee!
Qazlal accepts your kill.
The blast of ice hits the orc warrior!!
You kill the orc warrior!
Qazlal accepts your kill.
The blast of ice hits the kobold brigand!
The kobold brigand is severely wounded.
The kobold brigand is flash-frozen.
The blast of ice hits the centaur!
The centaur is severely wounded.
The centaur is flash-frozen.
The blast of magma engulfs the kobold brigand!!
You kill the kobold brigand!
Qazlal accepts your kill.
The blast of magma engulfs the steam dragon!!!
You kill the steam dragon!
Qazlal accepts your kill.
The blast of rubble hits the centaur!!!
You kill the centaur!
Qazlal accepts your kill.
The blast of magma engulfs the manticore!!
The manticore is severely wounded.
You hear a sizzling sound!
The blast of magma engulfs the death knight!!
The death knight is severely wounded.
The blast of magma engulfs the two-headed ogre!!
You kill the two-headed ogre!
Qazlal accepts your kill.
The cutting wind hits the death knight!!
The death knight is almost dead.
You can no longer call upon nature's wrath in a wide area around you.
The death knight reflects your damage back at you!
You die...

...#...<.........# #...#.#
...############### #...#.# .###
######### #.#
#############........ #.#
...)..........###############.##
###.########...................#
.♣♣.♣♣.♣ #####################
♣.♣.♣.♣ #≈≈...# ♣)..♣ #.♣♣♣@#
♣.♣.♣.♣ #.§§p)# .♣♣.♣♣.♣ #.##H##
# ♣.♣ ## #.#≈)# ♣♣♣.♣♣♣♣♣ #.#))#
........♣♣♣#.#≈##
.............#' ........♣♣♣###.
♣♣♣.♣♣♣♣♣ ..


You could see a death knight (reflects damage) and a manticore.

Vanquished Creatures
  2 vault guards (Bailey)
  3 two-headed ogres
  Urug (D:10)
  A wizard (D:9)
  2 cyclopes (D:9)
  3 centaur zombies (D:10)
  Maggie (D:7)
  A gargoyle (D:10)
  An unseen horror (D:10)
  Psyche (D:10)
  A rime drake (D:9)
  A hornet (D:10)
  A slime creature (D:9)
  A shadow (D:9)
  5 wyverns
  A wraith (D:10)
  Eustachio (D:5)
  26 yaks
  7 humans (Bailey)
  Menkaure (D:5)
  Edmund (D:5)
  2 steam dragons
  2 acid dragons (D:10)
  Duvessa (D:5)
  10 orc warriors
  5 ice beasts
  A black bear (D:4)
  6 ogres
  4 wolves (D:9)
  7 centaurs
  A phantom (D:4)
  4 elf zombies (Ossuary)
  16 bullfrogs
  3 kobold brigands
  4 necrophages
  14 wights
  Dowan (D:5)
  16 killer bees
  2 howler monkeys (D:10)
  2 human zombies
  6 hounds
  An iguana (D:4)
  3 jellies
  4 gnoll boudas
  5 orc wizards
  A hound zombie (Ossuary)
  5 mummies
  A howler monkey zombie (D:10)
  34 gnolls
  13 adders
  A white imp (D:7)
  3 ufetubi
  4 adder zombies (Ossuary)
  2 worms
  2 dart slugs
  62 orcs
  13 endoplasms
  3 giant cockroaches
  15 goblins
  7 hobgoblins
  8 kobolds
  2 quokkas (D:5)
  3 training dummies (D:4)
  3 ball pythons
  3 bats
  3 frilled lizards
  A gnoll zombie (Ossuary)
  4 goblin zombies (Ossuary)
  3 hobgoblin zombies (Ossuary)
  3 jackal zombies (Ossuary)
  3 kobold zombies (Ossuary)
  3 orc zombies (Ossuary)
  5 quokka zombies (Ossuary)
  2 rats
  4 rat zombies (Ossuary)
398 creatures vanquished.

Vanquished Creatures (collateral kills)
  Prince Ribbit (Bailey)
1 creature vanquished.

Vanquished Creatures (others)
  21 fungi
  11 plants (D:8)
32 creatures vanquished.

Grand Total: 431 creatures vanquished

Notes
Turn   | Place    | Note
-------+----------+-------------------------------------------
     0 | D:1      | porpoise the Hill Orc Monk began the quest for the Orb.
     0 | D:1      | Reached XP level 1. HP: 19/19 MP: 1/1
   137 | D:1      | Reached XP level 2. HP: 21/27 MP: 2/2
   303 | D:1      | You fall into a shaft and drop 1 floor!
   378 | D:2      | Found Meititt's Jewellery Emporium.
   391 | D:2      | Identified the +1 leather armour of Insatiable Hunger {rC++
                  | Dex+3}
   415 | D:2      | Reached skill level 4 in Fighting
   432 | D:2      | Reached skill level 5 in Axes
   432 | D:2      | Reached XP level 3. HP: 23/33 MP: 3/3
   840 | D:2      | Reached XP level 4. HP: 40/41 MP: 4/4
  1136 | D:1      | Found a faded altar of an unknown god.
  1617 | D:3      | Found a radiant altar of Vehumet.
  2205 | D:3      | Reached XP level 5. HP: 42/47 MP: 5/5
  2798 | D:4      | Found a sand-covered staircase.
  2804 | Ossuary  | Entered an ossuary
  2892 | Ossuary  | Reached skill level 5 in Fighting
  3103 | Ossuary  | Reached XP level 6. HP: 36/56 MP: 6/6
  3499 | Ossuary  | Reached skill level 6 in Fighting
  3499 | Ossuary  | Reached skill level 1 in Maces & Flails
  3499 | Ossuary  | Reached XP level 7. HP: 49/63 MP: 7/7
  4072 | D:4      | Reached skill level 7 in Fighting
  4072 | D:4      | Upgraded the game from 0.30-a0-422-g946f4849ff to
                  | 0.30-a0-424-g7412bad402
  4216 | D:4      | Found Xirghadwu's Firing Range.
  4227 | D:4      | Noticed a yak
  4227 | D:4      | Noticed a yak
  4228 | D:4      | Noticed a yak
  4256 | D:3      | Killed a yak
  4257 | D:3      | Reached XP level 8. HP: 40/73 MP: 8/8
  4369 | D:4      | Killed a yak
  4448 | D:4      | Noticed a yak
  4475 | D:3      | Killed a yak
  4606 | D:4      | Noticed a yak
  4610 | D:4      | Noticed a yak
  4620 | D:3      | Killed a yak
  4621 | D:3      | Reached skill level 8 in Fighting
  4621 | D:3      | Reached skill level 10 in Axes
  4756 | D:4      | Found a basalt altar of Yredelemnul.
  4881 | D:3      | Killed a yak
  4935 | D:3      | Killed a yak
  4936 | D:3      | Reached XP level 9. HP: 26/82 MP: 9/9
  5387 | D:4      | Found an iron altar of Okawaru.
  5493 | D:5      | Entered Level 5 of the Dungeon
  5544 | D:5      | Identified a scroll of acquirement
  5544 | D:5      | Acquired the +3 kite shield "Gegyaf" {rElec}
  5628 | D:5      | Reached skill level 9 in Fighting
  5640 | D:5      | Found a staircase to the Ecumenical Temple.
  5645 | D:5      | Noticed Edmund
  5649 | Temple   | Entered the Ecumenical Temple
  5904 | D:5      | Killed Edmund
  5905 | D:5      | Reached skill level 1 in Armour
  5905 | D:5      | Reached skill level 1 in Shields
  6090 | D:5      | Found a shadowy altar of Dithmenos.
  6154 | D:5      | Found a sacrificial altar of Ru.
  6214 | D:5      | Noticed Dowan
  6215 | D:5      | Noticed Duvessa
  6222 | D:5      | Killed Dowan
  6235 | D:5      | Killed Duvessa
  6238 | D:5      | HP: 4/83 [goblin/+0 club (2)]
  6244 | D:4      | HP: 3/83 [goblin/+0 dagger (2)]
  6568 | D:5      | Noticed Menkaure
  6726 | D:5      | Reached skill level 5 in Maces & Flails
  6878 | D:5      | Killed Menkaure
  7013 | D:5      | Found a shimmering blue altar of Sif Muna.
  7037 | D:5      | Noticed Eustachio
  7047 | D:5      | Killed Eustachio
  7598 | D:5      | Found a white marble altar of Elyvilon.
  7933 | D:6      | Reached XP level 10. HP: 89/91 MP: 3/10
  8403 | D:6      | Reached skill level 5 in Armour
  8403 | D:6      | Reached skill level 5 in Shields
  8598 | D:7      | Found a stormy altar of Qazlal.
  8609 | D:7      | Became a worshipper of Qazlal Stormbringer
  8609 | D:7      | Reached * piety under Qazlal
  8609 | D:7      | Reached ** piety under Qazlal
  8683 | D:7      | Noticed Maggie
  8701 | D:7      | Killed Maggie
  9054 | D:7      | Paralysed by a centaur for 4 turns
  9735 | D:8      | Identified the +0 scale mail "Tahuutuj" {rPois Dex+4}
 10192 | D:8      | Reached skill level 1 in Invocations
 10381 | D:8      | Reached *** piety under Qazlal
 10975 | D:9      | Found a staircase to the Orcish Mines.
 11049 | D:9      | Reached skill level 1 in Evocations
 11049 | D:9      | Reached XP level 11. HP: 97/97 MP: 14/14
 11079 | D:9      | Reached skill level 5 in Invocations
 11159 | D:9      | Found a staircase to the Lair.
 11294 | D:9      | Reached **** piety under Qazlal
 11612 | D:9      | Noticed a wizard
 11616 | D:9      | Noticed a cyclops
 11624 | D:9      | Killed a wizard
 11625 | D:9      | Reached skill level 10 in Fighting
 11639 | D:9      | Killed a cyclops
 11649 | D:9      | Noticed a two-headed ogre
 11925 | D:9      | Found an ornate altar of the Wu Jian Council.
 12156 | D:9      | Found a hide-covered altar of Uskayaw.
 12169 | D:9      | Killed a two-headed ogre
 12238 | D:9      | Noticed a cyclops
 12242 | D:9      | Killed a cyclops
 12418 | D:10     | Entered Level 10 of the Dungeon
 12608 | D:10     | Noticed Psyche
 12612 | D:10     | Killed Psyche
 12656 | D:10     | Reached skill level 5 in Evocations
 12657 | D:10     | Reached skill level 11 in Fighting
 12751 | D:10     | Reached ***** piety under Qazlal
 12755 | D:10     | Reached XP level 12. HP: 47/110 MP: 18/18
 13000 | D:10     | Noticed an ogre mage
 13001 | D:10     | Noticed a boulder beetle
 13075 | D:10     | Noticed a boulder beetle
 13077 | D:10     | Noticed a tengu warrior
 13131 | D:10     | Found a shimmering altar of Xom.
 13146 | D:10     | Found a flagged portal.
 13155 | Bailey   | Entered a bailey
 13430 | Bailey   | Reached skill level 12 in Fighting
 13484 | Bailey   | Noticed a vault guard
 13508 | Bailey   | Killed a vault guard
 13629 | Bailey   | Noticed a vault guard
 13629 | Bailey   | Noticed Prince Ribbit
 13642 | Bailey   | Killed a vault guard
 13643 | Bailey   | Reached skill level 10 in Invocations
 13647 | Bailey   | Killed Prince Ribbit
 13975 | D:10     | Noticed Urug
 13993 | D:10     | Killed Urug
 14217 | D:10     | Reached skill level 5 in Dodging
 14293 | D:10     | Found an ancient bone altar of Kikubaaqudgha.
 14396 | D:10     | Acquired 1016 gold pieces
 14493 | D:10     | Noticed a two-headed ogre
 14502 | D:10     | Killed a two-headed ogre
 14563 | D:10     | Noticed a death knight
 14563 | D:10     | Noticed a two-headed ogre
 14575 | D:10     | Killed a two-headed ogre
 14575 | D:10     | Killed by mirror damage

Illustrated notes

Levels and vault maps discovered:
D:1:      dpeg_arrival_simpleton_c, layout_rooms,
          ebering_ecumenical_altar_sacrificial, minmay_pentomino_s4
D:2:      layout_basic, serial_shops, nicolae_square_shop, hangedman_glass_teeth
D:3:      layout_loops_corners, mainiacjoe_overflow_24_doors
D:4:      layout_cave_pools, hellmonk_okawaru_the_only_friend_you_need,
          lemuel_crystal_altar, enter_ossuary_1, minmay_crystal_water,
          nicolae_shop_firing_range
D:5:      layout_basic, hangedman_ru_absence, nicolae_overflow_hidden_temple,
          mainiacjoe_overflow_brackets, kennysheep_little_box,
          minmay_temple_entry_tees, gup_sewer_entry_bowl, minmay_ogre_servants,
          uniq_edmund, uniq_menkaure, uniq_eustachio, uniq_duvessa
D:6:      layout_loops_ring, minmay_misc_feat_plants, roderic_lattice_a,
          corexii_checkpoint_b
D:7:      layout_gridville, nicolae_qazlal_general_emergency, uniq_maggie
D:8:      kennysheep_seaside_town, layout_rooms, nicolae_two_hexagons
D:9:      layout_stronghold, nicolae_uskayaw_dance_hall,
          mainiacjoe_overflow_chevrons, hellmonk_lair_entry_icy,
          hiddenorc2_lemuel, kb_rosetta
D:10:     nzn_winding_woodlands_three_and_one
          [nzn_winding_woodlands_5x15_sidewinder,
          nzn_winding_woodlands_5x15_default,
          nzn_winding_woodlands_5x15_split_checker,
          nzn_winding_woodlands_center_lodge], layout_basic,
          lemuel_mausoleum_altar_kikubaaqudgha, xom_teletrap_fun,
          enter_bailey_2, minivault_12, uniq_urug, uniq_psyche
Temple:   eino_wide_crystal_templ

Skill      XL: |  1  2  3  4  5  6  7  8  9 10 11 12 |
---------------+-------------------------------------+-----
Fighting       | 4 5 6 7 8 9 11 12 | 12.9
Axes           | 5 6 7 8 11 | 11.5
Maces & Flails | 1 3 6 7 |  7.7
Armour         | 4 7 |  7.0
Shields        | 4 7 |  7.4
Invocations    | 4 8 10 | 10.9
Evocations     | 1 5 |  5.0
Dodging        | 3 5 |  5.0
Stealth        | |  1.5

Action                   |  1- 3 |  4- 6 |  7- 9 | 10-12 || total
-------------------------+-------+-------+-------+-------++-------
Melee: Hand axe          |   120 |   115 |       |       ||   235
       Punch             |     1 |     3 |     2 |       ||     6
       Flail             |       |   131 |   343 |   104 ||   578
       Broad axe         |       |       |       |   555 ||   555
       War axe           |       |       |       |    13 ||    13
       Morningstar       |       |       |       |     2 ||     2
Throw: Dart              |       |     5 |    31 |     3 ||    39
       Throwing net      |       |       |     1 |       ||     1
       Boomerang         |       |       |       |    10 ||    10
Invok: Disaster Area     |       |       |       |     2 ||     2
       Elemental Force   |       |       |       |     1 ||     1
Evoke: Wand              |       |       |     8 |       ||     8
  Use: Scroll            |       |     3 |    11 |    11 ||    25
       Potion            |       |       |     6 |     6 ||    12
 Stab: Sleeping          |     2 |     5 |     1 |       ||     8
       Distracted        |       |       |       |     1 ||     1
       Paralysed         |       |       |       |     1 ||     1
Armor: Robe              |     4 |       |       |       ||     4
       Leather armour    |    26 |    54 |    24 |       ||   104
       Scale mail        |       |       |   136 |   219 ||   355
Dodge: Dodged            |    71 |   103 |   185 |   200 ||   559
Block: Kite shield       |       |       |    78 |   705 ||   783

Table legend: (Time is in decaauts)
 A = Elapsed time spent in this place.
 B = Non-inter-level travel time spent in this place.
 C = Inter-level travel time spent in this place.
 D = Time resting spent in this place.
 E = Time spent auto-exploring this place.
 F = Levels seen in this place.
 G = Mean time per level.
                   A        B        C        D        E       F      G
               +--------+--------+--------+--------+--------+-----+--------+
         Total |  14700 |  14347 |    353 |   4618 |   5560 |  13 | 1130.8 |
       Dungeon |  12779 |  12435 |    344 |   3656 |   5525 |  10 | 1277.9 |
        Temple |     51 |     42 |      9 |      0 |     35 |   1 |   51.0 |
       Ossuary |   1036 |   1036 |      0 |    432 |      0 |   1 | 1036.0 |
        Bailey |    832 |    832 |      0 |    530 |      0 |   1 |  832.0 |
               +--------+--------+--------+--------+--------+-----+--------+

Top non-repeatable levels by time:
     D:3: 1879 daAuts
     D:5: 1709 daAuts
     D:9: 1522 daAuts
     D:4: 1503 daAuts
     D:8: 1385 daAuts
    D:10: 1350 daAuts
 Ossuary: 1036 daAuts
     D:7: 956 daAuts
     D:2: 955 daAuts
     D:6: 889 daAuts
  Bailey: 832 daAuts
     D:1: 628 daAuts
  Temple: 51 daAuts
